 Dungeon Crawl Stone Soup version 0.24-a0-433-gbe6fa4f6cc (webtiles) character file.

Game seed: 13483746171202707897

370283 nikopol the Sorcerer (level 21, -14/112 HPs)
             Began as a Deep Elf Fire Elementalist on June 13, 2019.
             Was the Champion of Vehumet.
             Killed from afar by a shadow dragon (52 damage)
             ... with a bolt of negative energy
             ... on level 5 of the Vaults on June 14, 2019.
             The game lasted 03:29:07 (58690 turns).

nikopol the Sorcerer (Deep Elf Fire Elementalist)  Turns: 58690, Time: 03:29:08

Health: -14/112    AC: 22    Str:  9    XL:     21   Next: 68%
Magic:  24/61      EV: 10    Int: 34    God:    Vehumet [******]
Gold:   2551       SH: 13    Dex: 19    Spells: 22/70 levels left

rFire    + . .     SeeInvis +   q - staff of wizardry
rCold    x . .     Gourm    .   W - +3 shield {reflect}
rNeg     . . .     Faith    .   V - +4 ring mail "Hybouq" {rElec MR+ Str+4}
rPois    +         Spirit   .   T - +2 helmet {Int+3}
rElec    +         Reflect  +   P - +1 cloak {rPois}
rCorr    .         Harm     .   K - +2 pair of gloves of Honour {rPois Dex+4}
MR       ++++.                  Q - +2 pair of boots {run}
Stlth    ++........             X - amulet of Linearity {MR+ Regen+}
HPRegen  0.68/turn              A - ring "Qegeqo" {Fire SInv}
MPRegen  0.37/turn              O - ring of magical power

@: very heavily drained, quick
A: robust 1
}: 2/15 runes: decaying, serpentine
a: Renounce Religion


You were on level 5 of the Vaults.
You worshipped Vehumet.
Vehumet was exalted by your worship.
You were not hungry.

You visited 7 branches of the dungeon, and saw 37 of its levels.
You also visited: Ice Cave.

You collected 5023 gold pieces.
You spent 2472 gold pieces at shops.

Inventory:

Missiles
 z - 524 arrows
Armour
 K - the +2 pair of gloves of Honour (worn) {rPois Dex+4}
   (You found it on level 14 of the Dungeon)

   It affects your dexterity (+4).
   It protects you from poison.
 P - a +1 cloak of poison resistance (worn)
 Q - a +2 pair of boots of running (worn)
 T - a +2 helmet of intelligence (worn)
 V - the +4 ring mail "Hybouq" (worn) {rElec MR+ Str+4}
   (You found it on level 6 of the Lair of Beasts)

   It affects your strength (+4).
   It insulates you from electricity.
   It affects your resistance to hostile enchantments.
 W - a +3 shield of reflection (worn)
Magical Staves
 q - an uncursed staff of wizardry (weapon)
 E - an uncursed staff of fire
Jewellery
 a - an uncursed ring of wizardry
 f - a cursed amulet of magic regeneration
 i - an uncursed ring of resist corrosion
 A - the ring "Qegeqo" (left hand) {Fire SInv}
   (You bought it in a shop on level 1 of the Orcish Mines)

   [ring of fire]

   It enhances your fire magic.
   It protects you from fire.
   It makes you vulnerable to cold.
   It lets you see invisible.
 L - an uncursed ring of protection from cold
 O - a ring of magical power (right hand)
 X - the amulet of Linearity (around neck) {MR+ Regen+}
   (You found it on level 2 of the Snake Pit)

   [amulet of regeneration]

   It affects your resistance to hostile enchantments.
   It increases your rate of regeneration.
 Y - an uncursed ring of positive energy
Wands
 n - a wand of polymorph (23)
 p - a wand of iceblast (13)
 s - a wand of paralysis (37)
 t - a wand of disintegration (39)
 B - a wand of acid (35)
 I - a wand of digging (3)
 M - a wand of clouds (5)
 S - a wand of random effects (33)
 U - a wand of flame (10)
Scrolls
 b - 15 scrolls of remove curse
 d - 5 scrolls of teleportation
 g - 4 scrolls of fear
 j - 2 scrolls of blinking
 k - 5 scrolls of immolation
 l - 4 scrolls of amnesia
 y - 2 scrolls of magic mapping
 D - 3 scrolls of fog
 F - a scroll of summoning
 N - 2 scrolls of identify
Potions
 e - 3 potions of magic
 h - 7 potions of agility
 m - 11 potions of curing
 o - 2 potions of haste
 r - 7 potions of heal wounds
 u - 10 potions of brilliance
 w - a potion of resistance
 x - a potion of ambrosia
 C - 2 potions of lignification
 G - 3 potions of flight
 H - 2 potions of mutation
 R - a potion of cancellation
 Z - a potion of invisibility
Comestibles
 c - 42 rations
 v - 4 chunks of flesh


   Skills:
 + Level 1.6(0.0) Fighting
 * Level 10.4(6.9) Armour
 + Level 6.6(3.4) Dodging
 + Level 5.8(2.7) Stealth
 + Level 10.7(7.2) Shields
 + Level 25.2(20.4) Spellcasting
 + Level 20.3(15.9) Conjurations
 + Level 20.6(16.2) Fire Magic
 + Level 2.6(0.0) Ice Magic
 + Level 4.5(1.5) Earth Magic
 + Level 2.5(0.0) Evocations


You had 22 spell levels left.
You knew the following spells:

 Your Spells              Type           Power        Failure   Level  Hunger
a - Flame Tongue          Conj/Fire      #####        0%          1    None
b - Throw Flame           Conj/Fire      ######       0%          2    None
c - Conjure Flame         Conj/Fire      ########     1%          3    None
d - Sticky Flame          Conj/Fire      ########     1%          4    None
e - Fireball              Conj/Fire      ########..   1%          5    None
f - Throw Icicle          Conj/Ice       ######..     1%          4    None
g - Bolt of Fire          Conj/Fire      ########..   1%          6    None
h - Iron Shot             Conj/Erth      #######...   3%          6    None
i - Ignition              Fire           ########..   6%          8    ####...
s - Fire Storm            Conj/Fire      ########..   56%         9    ######.

Your spell library contained the following spells:

 Spells                   Type           Power        Failure   Level  Hunger
 Chain Lightning          Conj/Air       ######....   75%         8    ####...
 Glaciate                 Conj/Ice       ######....   100%        9    ######.
 Freeze                   Ice            ####         1%          1    None
 Sandblast                Erth           #####.       1%          1    None
 Throw Frost              Conj/Ice       ######       1%          2    None
 Ignite Poison            Fire/Tmut/Pois #######.     1%          3    None
 Inner Flame              Hex/Fire       #######.     1%          3    None
 Stone Arrow              Conj/Erth      ######       1%          3    None
 Bolt of Magma            Conj/Fire/Erth ########..   1%          5    None
 Confusing Touch          Hex            ####..       2%          1    None
 Passwall                 Tmut/Erth      #####...     2%          2    None
 Bolt of Cold             Conj/Ice       ######....   4%          6    None
 Confuse                  Hex            ####....     8%          3    None
 Gell's Gravitas          Tloc           ####......   8%          3    None
 Ozocubu's Armour         Chrm/Ice       ####....     8%          3    None
 Recall                   Summ/Tloc      N/A          8%          3    None
 Lee's Rapid Deconstruct  Erth           #####.....   10%         5    None
 Freezing Cloud           Conj/Ice/Air   ######....   12%         6    None
 Leda's Liquefaction      Hex/Erth       #####.....   17%         4    None
 Petrify                  Tmut/Erth      #####...     17%         4    None
 Yara's Violent Unravell  Hex/Tmut       ####......   17%         5    None
 Animate Dead             Necr           N/A          24%         4    None
 Cause Fear               Hex            ####......   24%         4    None
 Ice Form                 Ice/Tmut       ####....     24%         4    None
 Summon Ice Beast         Ice/Summ       ####....     24%         4    None
 Borgnjor's Vile Clutch   Necr/Erth      #####.....   43%         5    None
 Aura of Abjuration       Summ           ####......   52%         5    None
 Metabolic Englaciation   Hex/Ice        ####......   52%         5    None
 Silence                  Hex/Air        ####......   52%         5    None
 Summon Demon             Summ           ####......   52%         5    None
 Summon Forest            Summ/Tloc      ####......   52%         5    None
 Summon Mana Viper        Hex/Summ       ####....     52%         5    None
 Ring of Flames           Chrm/Fire      #######...   56%         7    #......
 Ozocubu's Refrigeration  Ice            ####......   61%         6    None
 Statue Form              Tmut/Erth      #####....    92%         6    None
 Death Channel            Necr           ####......   97%         6    None
 Deflect Missiles         Chrm/Air       ####......   97%         6    None
 Shadow Creatures         Summ           N/A          97%         6    None
 Simulacrum               Ice/Necr       ####......   97%         6    None
 Discord                  Hex            ####......   100%        8    ####...
 Shatter                  Erth           #####.....   100%        9    ######.


Dungeon Overview and Level Annotations

Branches:
Dungeon (15/15)            Temple (1/1) D:7            Lair (6/6) D:8
  Swamp (4/4) Lair:3        Snake (4/4) Lair:2        Slime (0/5) Lair:5
    Orc (2/2) D:12            Elf (0/3) Orc:2        Vaults (5/5) D:14
  Crypt (0/3) Vaults:3     Depths (0/5) D:15

Altars:
Ashenzari
Cheibriados
Elyvilon
Fedhas
Gozag
Hepliaklqana
Kikubaaqudgha
Makhleb
Nemelex Xobeh
Okawaru
Qazlal
Ru
Sif Muna
Trog
Uskayaw
Vehumet
Wu Jian
Xom
Yredelemnul
Zin
The Shining One
Jiyva

Shops:
D:7 =   D:14 :   Orc:1 =   Orc:2 [[=?   Vaults:2 *

Annotations:
D:9 3 runed translucent doors, Ijustatesigmund's ghost, novice OpFi
D:15 3 runed translucent doors
Vaults:2 Boris


Innate Abilities, Weirdness & Mutations

You are robust. (+10% HP)


Message History

Confirm with . or Enter, or press ? or * to list all spells.
Aiming: Throw Icicle (safe; 1% risk of failure)
Press: ? - help, Shift-Dir - straight line, f/p - shadow dragon
Aim: a shadow dragon (severely wounded, catching its breath)
The shard of ice hits the shadow dragon!
The shadow dragon partially resists.
The shadow dragon is severely wounded.
You block the shadow dragon's attack. The shadow dragon closely misses you.
The shadow dragon claws you but does no damage.
Casting: Throw Icicle (safe; 1% risk of failure)
Confirm with . or Enter, or press ? or * to list all spells.
Aiming: Throw Icicle (safe; 1% risk of failure)
Press: ? - help, Shift-Dir - straight line, f/p - shadow dragon
Aim: a shadow dragon (severely wounded, catching its breath)
The shard of ice hits the shadow dragon!
The shadow dragon partially resists.
The shadow dragon is almost dead.
The shadow dragon breathes negative energy at you.
The bolt of negative energy hits you!!!
You feel drained.
You die...

#....#####..
#....#..... #....#....
##
###..#....#...####...
##....#....#..........
#.....#...)#..)......#
#.....#(...#(.)...####
....#.[[..(..####
.....([[[.@###
#########.[.[.)[D#####
.....(.$.([)<<)[......
...).D..[.[<.)<[.[....
.........[.[<<..[.....
..............[(......
#########..[[[[..#####
.(...[[...#
...)#.[([##).


You could see a shadow dragon.

Vanquished Creatures
  Bai Suzhen (Snake:3)
  Vashnia (Snake:2)
  A golden dragon (Vaults:4)
  Rupert (D:14)
  A tentacled monstrosity (Vaults:5)
  A titan (Vaults:5)
  Kirke (Swamp:1)
  A thorn hunter (Swamp:3)
  3 sphinxes
  4 tengu reavers
  Donald (Swamp:3)
  4 shadow dragons (Vaults:4)
  3 fire giants
  9 nagarajas
  A frost giant (Vaults:5)
  8 vault wardens
  A deep elf sorcerer (Vaults:5)
  Aizul (Snake:3)
  Louise (Swamp:3)
  10 ironheart preservers
  3 very ugly things (Vaults:4)
  2 entropy weavers (D:12)
  10 stone giants
  3 war gargoyles
  2 vampire knights (Vaults:3)
  A deep elf annihilator (Vaults:2)
  A dire elephant (Lair:6)
  2 blizzard demons (IceCv)
  An ettin (Vaults:5)
  2 great orbs of eyes
  5 fire dragons
  5 yaktaur captains
  28 vault guards
  23 hydras
  2 rakshasas
  3 shambling mangroves
  2 ghost crabs (Swamp:3)
  3 anacondas
  A death knight (Vaults:4)
  5 ice dragons
  2 catoblepae (Lair:6)
  11 naga warriors
  45 two-headed ogres
  11 alligators
  2 centaur warriors
  A queen ant (D:12)
  11 ogre magi
  A vampire mage (Vaults:3)
  8 death yaks
  4 deep troll shamans
  2 deep troll earth magi
  23 naga sharpshooters
  9 shock serpents
  3 deep elf knights
  Sonja (Orc:2)
  5 hell knights
  3 salamander mystics
  3 glowing orange brains
  2 flayed ghosts
  15 deep trolls
  5 naga ritualists
  An unseen horror (shapeshifter) (Vaults:3)
  2 spriggan druids
  3 unseen horrors
  4 wizards
  11 swamp dragons
  4 harpies (Vaults:1)
  2 phantasmal warriors (Vaults:4)
  13 orc knights
  5 deep elf archers
  A shining eye (shapeshifter) (Vaults:5)
  6 necromancers
  7 lindwurms
  8 mana vipers
  19 ironbrand convokers
  A faun (shapeshifter) (Vaults:2)
  35 ugly things
  12 deep elf magi
  6 cyclopes
  4 wolf spiders
  A frost giant zombie (Vaults:3)
  5 oklob plants
  5 orc sorcerers
  A manticore (shapeshifter) (Vaults:1)
  2 manticores (Lair:6)
  A sphinx skeleton (Vaults:3)
  6 salamanders
  8 elephants
  7 centaur zombies
  A fire giant skeleton (Vaults:3)
  A guardian serpent (shapeshifter) (D:13)
  42 black mambas
  3 guardian serpents
  23 naga magi
  13 vault sentinels
  2 spiny frogs (shapeshifter)
  2 centaur skeletons
  8 torpor snails
  A storm dragon simulacrum (Vaults:3)
  A kobold demonologist (D:15)
  24 spiny frogs
  5 rime drakes
  5 komodo dragons
  14 yaktaurs
  6 freezing wraiths
  An efreet (D:13)
  A yaktaur (shapeshifter) (D:14)
  3 anaconda simulacra (IceCv)
  A golden dragon simulacrum (IceCv)
  15 trolls
  A troll (shapeshifter) (D:13)
  6 ice devils (IceCv)
  A harpy zombie (D:15)
  8 polar bears
  8 tyrant leeches
  45 slime creatures
  6 dream sheep
  4 bog bodies
  4 wolf spider simulacra
  A blink frog (shapeshifter) (Vaults:2)
  21 hornets
  11 hippogriffs
  18 blink frogs
  13 spriggans
  3 shadows
  4 centaur simulacra
  A yak (shapeshifter) (Vaults:1)
  2 water elementals
  3 dire elephant simulacra (IceCv)
  25 yaks
  7 hogs (Swamp:1)
  A fire bat (D:14)
  A vampire (D:15)
  6 wraiths
  2 wyverns
  21 humans (D:14)
  A steam dragon (D:9)
  2 hungry ghosts
  3 basilisks
  18 vampire mosquitoes
  Grum (Lair:1)
  2 death yak simulacra (IceCv)
  4 iron troll simulacra (IceCv)
  54 nagas
  5 wargs
  3 harpy simulacra (IceCv)
  24 soldier ants (D:12)
  19 swamp worms
  3 acid dragons
  4 insubstantial wisps (Swamp:2)
  A soldier ant (shapeshifter) (Vaults:4)
  A hydra simulacrum (IceCv)
  28 water moccasins
  12 porcupines
  12 swamp drakes
  34 orc warriors
  4 sky beasts
  3 ice beasts
  4 black bears
  2 necrophages
  44 ogres
  A phantom (D:5)
  9 boggarts (Vaults:1)
  20 wolves
  13 centaurs
  7 crocodiles
  15 bullfrogs
  5 big kobolds
  2 gnoll sergeants (D:7)
  A deep troll simulacrum (Vaults:3)
  2 wyvern skeletons
  5 scorpions
  A water moccasin skeleton (D:9)
  A hornet simulacrum (D:15)
  15 killer bees
  14 wights
  7 electric eels
  6 howler monkeys
  8 crimson imps
  4 bullfrog zombies
  9 jellies
  2 quasits (D:9)
  9 orc priests
  8 hounds
  24 orc wizards
  6 iguanas
  A spriggan simulacrum (IceCv)
  2 troll simulacra (IceCv)
  30 worker ants
  2 wolf simulacra (IceCv)
  4 human simulacra
  4 hound skeletons
  12 adders
  4 naga simulacra (IceCv)
  3 shadow imps
  9 white imps
  11 ufetubi
  2 adder zombies (D:9)
  4 oozes (D:5)
  2 worms
  2 dart slugs (D:1)
  5 leopard geckos
  73 orcs
  3 giant cockroaches (D:3)
  5 hobgoblins
  12 jackals
  5 quokkas
  2 ball pythons
  18 bats
  5 frilled lizards
  7 goblins
  29 kobolds
  9 rats
  A fungus (Lair:4)
  11 plants
1659 creatures vanquished.

Vanquished Creatures (others)
  5 yaktaur captains
  3 centaur warriors
  An orc knight (Vaults:5)
  A salamander (Snake:3)
  A cyclops (Orc:2)
  3 yaktaurs
  A human (D:8)
  A centaur (D:13)
  An orc (Orc:2)
  16 fungi
  14 plants
  8 toadstools (D:5)
55 creatures vanquished.

Grand Total: 1714 creatures vanquished

Notes
Turn   | Place    | Note
-------+----------+-------------------------------------------
     0 | D:1      | nikopol the Deep Elf Fire Elementalist began the quest for
                  | the Orb.
     0 | D:1      | Reached XP level 1. HP: 10/10 MP: 6/6
    51 | D:1      | Reached XP level 2. HP: 12/15 MP: 1/8
   814 | D:1      | Reached XP level 3. HP: 19/19 MP: 6/9
   940 | D:1      | Learned a level 2 spell: Throw Flame
   944 | D:1      | Learned a level 3 spell: Conjure Flame
  1646 | D:2      | Reached XP level 4. HP: 24/24 MP: 9/11
  1776 | D:2      | Found an opulent altar of Gozag.
  1917 | D:2      | Reached skill level 4 in Spellcasting
  2086 | D:2      | Found a faded altar of an unknown god.
  2459 | D:2      | Learned a level 4 spell: Sticky Flame
  2758 | D:3      | Found a blossoming altar of Fedhas.
  2758 | D:3      | Found an ornate altar of the Wu Jian Council.
  2933 | D:3      | Found a bloodstained altar of Trog.
  3053 | D:3      | Found a sacrificial altar of Ru.
  3114 | D:4      | Reached XP level 5. HP: 28/28 MP: 9/13
  3233 | D:4      | Found a sparkling altar of Nemelex Xobeh.
  3517 | D:4      | Reached skill level 5 in Spellcasting
  3635 | D:5      | Entered Level 5 of the Dungeon
  3723 | D:5      | Reached skill level 5 in Fire Magic
  3723 | D:5      | Reached XP level 6. HP: 32/32 MP: 12/16
  3919 | D:5      | Reached skill level 1 in Shields
  4454 | D:5      | Reached XP level 7. HP: 2/36 MP: 1/17
  4924 | D:5      | Reached skill level 6 in Spellcasting
  5165 | D:5      | Noticed a slime creature
  5196 | D:5      | Killed a slime creature
  5455 | D:5      | Reached XP level 8. HP: 42/42 MP: 12/20
  5543 | D:5      | Reached skill level 7 in Spellcasting
  5661 | D:5      | Noticed a slime creature
  5661 | D:5      | Noticed a slime creature
  5665 | D:5      | Reached skill level 5 in Conjurations
  5704 | D:4      | Learned a level 5 spell: Fireball
  6012 | D:5      | Killed a slime creature
  6093 | D:5      | Killed a slime creature
  6383 | D:6      | Reached skill level 8 in Spellcasting
  6575 | D:6      | Reached XP level 9. HP: 20/46 MP: 10/23
  6849 | D:6      | Reached skill level 9 in Spellcasting
  7108 | D:6      | Found a hide-covered altar of Uskayaw.
  7547 | D:7      | Found a staircase to the Ecumenical Temple.
  7902 | D:7      | Reached skill level 10 in Spellcasting
  8264 | D:7      | Found Zunaf's Jewellery Shoppe.
  8296 | D:7      | Reached skill level 1 in Evocations
  8333 | D:7      | Noticed a two-headed ogre
  8340 | D:7      | Killed a two-headed ogre
  8340 | D:7      | Reached XP level 10. HP: 51/51 MP: 11/26
  8759 | Temple   | Entered the Ecumenical Temple
  8789 | Temple   | Became a worshipper of Vehumet
  9142 | D:7      | Bought an uncursed ring of wizardry for 300 gold pieces
  9222 | D:8      | Found an ancient bone altar of Kikubaaqudgha.
  9344 | D:8      | Found a stormy altar of Qazlal.
  9410 | D:8      | Found an iron altar of Okawaru.
  9607 | D:8      | Reached skill level 5 in Shields
  9712 | D:8      | Found a staircase to the Lair.
  9767 | D:8      | Reached skill level 11 in Spellcasting
  9936 | D:8      | Found a deep blue altar of Sif Muna.
 10099 | D:9      | Reached * piety under Vehumet
 10099 | D:9      | Offered knowledge of Sandblast by Vehumet.
 10170 | D:9      | Found a blossoming altar of Fedhas.
 10720 | D:9      | Found a runed translucent gate.
 10720 | D:9      | Found a runed translucent gate.
 10720 | D:9      | Noticed Ijustatesigmund's ghost (novice OpFi)
 10720 | D:9      | Noticed an 11-headed hydra
 10721 | D:9      | Found a runed translucent gate.
 11161 | D:10     | Entered Level 10 of the Dungeon
 11188 | D:10     | Killed an unseen horror
 11269 | D:10     | Reached skill level 10 in Fire Magic
 11523 | D:10     | Reached XP level 11. HP: 52/55 MP: 18/28
 11639 | D:10     | Reached ** piety under Vehumet
 11696 | D:10     | Offered knowledge of Shock by Vehumet.
 11827 | D:10     | Got a jewelled ring mail
 11838 | D:10     | Identified the +1 ring mail "Yligy" {+Blink rF+ MR++ Dex-3}
                  | (You found it on level 10 of the Dungeon)
 12310 | D:11     | Noticed a two-headed ogre
 12314 | D:11     | Killed a two-headed ogre
 12314 | D:11     | Reached skill level 12 in Spellcasting
 12533 | D:11     | Noticed a purple ugly thing
 12544 | D:11     | Killed a purple ugly thing
 12895 | D:11     | Noticed a brown ugly thing
 12905 | D:11     | Killed a brown ugly thing
 12905 | D:11     | Offered knowledge of Throw Frost by Vehumet.
 13265 | D:11     | Noticed a six-headed hydra
 13278 | D:11     | Killed a six-headed hydra
 13564 | D:11     | Reached skill level 10 in Conjurations
 13776 | D:12     | Reached skill level 13 in Spellcasting
 13783 | D:12     | Reached *** piety under Vehumet
 13959 | D:12     | Noticed a two-headed ogre
 13971 | D:12     | Killed a two-headed ogre
 14439 | D:12     | Found a staircase to the Orcish Mines.
 15039 | D:12     | Reached XP level 12. HP: 60/60 MP: 14/31
 15043 | D:12     | Offered knowledge of Throw Icicle by Vehumet.
 15043 | D:12     | Noticed a two-headed ogre
 15840 | D:12     | Reached skill level 14 in Spellcasting
 15891 | D:12     | Noticed an entropy weaver
 15895 | D:12     | Killed an entropy weaver
 16093 | D:12     | Noticed a queen ant
 16101 | D:12     | Killed a queen ant
 16346 | D:12     | Reached **** piety under Vehumet
 16526 | D:12     | Learned a level 4 spell: Throw Icicle
 16570 | D:12     | Offered knowledge of Bolt of Draining by Vehumet.
 16983 | D:12     | Noticed an entropy weaver
 16985 | D:12     | Killed an entropy weaver
 16985 | D:12     | Reached skill level 15 in Spellcasting
 16994 | D:12     | Killed a two-headed ogre
 16994 | D:12     | Reached skill level 1 in Fighting
 17243 | Lair:1   | Entered Level 1 of the Lair of Beasts
 17475 | Lair:1   | Found an iron altar of Okawaru.
 18023 | Lair:1   | Noticed Grum
 18080 | Lair:1   | Killed Grum
 18085 | Lair:1   | Reached XP level 13. HP: 57/64 MP: 2/34
 19328 | Lair:2   | Reached skill level 5 in Dodging
 19334 | Lair:2   | Reached skill level 5 in Stealth
 19737 | Lair:2   | Found a staircase to the Snake Pit.
 20011 | Lair:3   | Reached skill level 16 in Spellcasting
 20148 | Lair:2   | Reached ***** piety under Vehumet
 20444 | Lair:3   | Found a staircase to the Swamp.
 20587 | Lair:3   | Offered knowledge of Fulminant Prism by Vehumet.
 22377 | Lair:5   | Reached XP level 14. HP: 70/70 MP: 29/36
 23326 | Lair:5   | Got a twisted cloak
 23337 | Lair:5   | Identified the -2 cloak of Noon {+Inv rC- MP+9 Dex+7} (You
                  | found it on level 5 of the Lair of Beasts)
 23418 | Lair:5   | Found a staircase to the Slime Pits.
 23419 | Lair:5   | Found a viscous altar of Jiyva.
 23770 | Lair:6   | Entered Level 6 of the Lair of Beasts
 23790 | Lair:6   | Reached skill level 17 in Spellcasting
 24610 | Lair:6   | Got an amber-encrusted ring mail
 24623 | Lair:6   | Identified the +1 ring mail of the Pure Ghosts {rC+ Stlth+}
                  | (You found it on level 6 of the Lair of Beasts)
 24918 | Lair:6   | Reached skill level 1 in Armour
 25111 | Lair:6   | Got a twisted ring mail
 25158 | Lair:6   | Identified the +4 ring mail "Hybouq" {rElec MR+ Str+4} (You
                  | found it on level 6 of the Lair of Beasts)
 25830 | Lair:6   | Found a runed translucent door.
 26680 | Orc:1    | Entered Level 1 of the Orcish Mines
 27005 | Orc:2    | Entered Level 2 of the Orcish Mines
 27006 | Orc:2    | Noticed Sonja
 27221 | Orc:2    | Killed Sonja
 27274 | Orc:2    | Reached skill level 18 in Spellcasting
 27274 | Orc:2    | Reached XP level 15. HP: 41/74 MP: 7/39
 27730 | Orc:2    | Reached skill level 15 in Conjurations
 28343 | Orc:2    | Reached skill level 15 in Fire Magic
 28623 | Orc:2    | Found Nyc Zaam's Armour Boutique.
 28676 | Orc:2    | Reached ****** piety under Vehumet
 28809 | Orc:1    | Found Bacriubb's Jewellery Shoppe.
 28811 | Orc:1    | Offered knowledge of Bolt of Fire by Vehumet.
 28819 | Orc:1    | Learned a level 6 spell: Bolt of Fire
 29034 | Orc:2    | Found a staircase to the Elven Halls.
 29174 | Orc:2    | Found Ihyntyoq's Armour Shoppe.
 29185 | Orc:2    | Found Faxkeote's Jewellery Shop.
 29186 | Orc:2    | Found Rudi God's Magic Scroll Shop.
 29194 | Orc:2    | Bought a scroll of blinking for 97 gold pieces
 29194 | Orc:2    | Bought a scroll of teleportation for 39 gold pieces
 30114 | Orc:1    | Bought the ring "Qegeqo" {Fire SInv} for 434 gold pieces
 31356 | D:14     | Got a pair of faintly humming gloves
 31367 | D:14     | Identified the +2 pair of gloves of Honour {rPois Dex+4}
                  | (You found it on level 14 of the Dungeon)
 31544 | D:14     | Reached skill level 5 in Armour
 31817 | D:14     | Offered knowledge of Venom Bolt by Vehumet.
 32171 | D:14     | Found Tifamiri's Book Shop.
 32179 | D:14     | Bought a book of the Earth for 715 gold pieces
 32179 | D:14     | Bought a book of Fire for 715 gold pieces
 32188 | D:14     | Learned a level 8 spell: Ignition
 32195 | D:14     | Learned a level 6 spell: Iron Shot
 32274 | D:14     | Found a hazy altar of Hepliaklqana.
 32289 | D:14     | Found a radiant altar of Vehumet.
 32302 | D:14     | Reached skill level 19 in Spellcasting
 32479 | D:14     | Found a runed translucent door.
 32536 | D:14     | Found an ornate altar of the Wu Jian Council.
 32539 | D:14     | Found a bloodstained altar of Trog.
 32577 | D:14     | Found a deep blue altar of Sif Muna.
 32590 | D:14     | Found a white marble altar of Elyvilon.
 32637 | D:14     | Noticed Rupert
 32642 | D:14     | Killed Rupert
 32714 | D:14     | Found a gate to the Vaults.
 32728 | D:14     | Identified a +1 pair of boots of running (You found it on
                  | level 14 of the Dungeon)
 32901 | D:15     | Entered Level 15 of the Dungeon
 33065 | D:15     | Reached XP level 16. HP: 79/79 MP: 34/41
 33354 | D:15     | Found a runed translucent gate.
 33354 | D:15     | Found a runed translucent gate.
 33354 | D:15     | Found a runed translucent gate.
 33464 | D:15     | Offered knowledge of Spellforged Servitor by Vehumet.
 33827 | D:15     | Found a glowing golden altar of the Shining One.
 34324 | D:15     | Found a staircase to the Depths.
 34635 | Swamp:1  | Entered Level 1 of the Swamp
 35575 | Swamp:1  | Noticed Kirke
 35578 | Swamp:1  | Killed Kirke
 36255 | Swamp:2  | Offered knowledge of Orb of Destruction by Vehumet.
 36909 | Swamp:3  | Noticed Donald
 36918 | Swamp:3  | Killed Donald
 36918 | Swamp:3  | Reached skill level 20 in Spellcasting
 37084 | Swamp:3  | Reached skill level 1 in Earth Magic
 37196 | Swamp:3  | Noticed a thorn hunter
 37198 | Swamp:3  | Killed a thorn hunter
 37363 | Swamp:3  | Noticed Louise
 37366 | Swamp:3  | Killed Louise
 37985 | Swamp:4  | Entered Level 4 of the Swamp
 38246 | Swamp:4  | Reached XP level 17. HP: 83/83 MP: 14/43
 39192 | Swamp:4  | Offered knowledge of Ozocubu's Refrigeration by Vehumet.
 39322 | Swamp:4  | Got a decaying rune of Zot
 39744 | Snake:1  | Entered Level 1 of the Snake Pit
 41186 | Snake:2  | Noticed Vashnia
 41218 | Snake:2  | Killed Vashnia
 41218 | Snake:2  | Reached skill level 21 in Spellcasting
 41576 | Snake:2  | Got a glittering crystal amulet
 41661 | Snake:3  | Noticed Aizul
 42476 | Snake:3  | Noticed Bai Suzhen
 42481 | Snake:3  | Killed Bai Suzhen
 42683 | Snake:3  | Killed Aizul
 42741 | Snake:3  | Reached XP level 18. HP: 88/88 MP: 9/45
 42946 | Snake:3  | Reached skill level 1 in Ice Magic
 43192 | Snake:3  | Identified the amulet of Linearity {MR+ Regen+} (You found
                  | it on level 2 of the Snake Pit)
 43391 | Snake:3  | Identified a +0 pair of boots of running (You found it on
                  | level 3 of the Snake Pit)
 43488 | Snake:3  | Offered knowledge of Conjure Ball Lightning by Vehumet.
 43691 | Snake:4  | Entered Level 4 of the Snake Pit
 43851 | Snake:4  | Found a frozen archway.
 43857 | IceCv    | Entered an ice cave
 44006 | IceCv    | Got a bronze scale mail
 44493 | IceCv    | Offered knowledge of Fire Storm by Vehumet.
 44493 | IceCv    | Offered knowledge of Glaciate by Vehumet.
 44493 | IceCv    | Offered knowledge of Chain Lightning by Vehumet.
 45040 | Snake:4  | Reached skill level 10 in Shields
 45416 | Snake:4  | Identified a +2 pair of boots of running (You found it on
                  | level 4 of the Snake Pit)
 45427 | Snake:4  | Identified the +6 scale mail of Dishonour {rF++ MR-} (You
                  | found it in an ice cave)
 45457 | Snake:4  | Learned a level 9 spell: Fire Storm
 46259 | Snake:4  | Reached skill level 22 in Spellcasting
 47563 | Snake:4  | Got a serpentine rune of Zot
 48067 | Vaults:1 | Entered Level 1 of the Vaults
 48330 | Vaults:1 | Reached XP level 19. HP: 92/92 MP: 39/47
 50086 | Vaults:2 | Noticed Boris
 50157 | Vaults:2 | Upgraded the game from 0.24-a0-429-g4608c8fa30 to
                  | 0.24-a0-433-gbe6fa4f6cc
 51383 | Vaults:2 | Reached skill level 23 in Spellcasting
 52230 | Vaults:2 | HP: 4/92 [disintegration (88)]
 52479 | Vaults:2 | Found Xahec's Assorted Antiques.
 52683 | Vaults:2 | Bought a scroll of enchant armour for 172 gold pieces
 52686 | Vaults:2 | Identified a scroll of acquirement
 52783 | Vaults:3 | Reached XP level 20. HP: 67/97 MP: 19/49
 53965 | Vaults:3 | Found a staircase to the Crypt.
 55232 | Vaults:4 | Reached skill level 24 in Spellcasting
 56492 | Vaults:5 | Entered Level 5 of the Vaults
 56493 | Vaults:5 | Reached XP level 21. HP: 101/101 MP: 51/51
 56494 | Vaults:5 | Reached skill level 10 in Armour
 57442 | Vaults:5 | Gained mutation: You are robust. (+10% HP) [a shining eye]
 57640 | Vaults:5 | Noticed a golden dragon
 57852 | Vaults:5 | Reached skill level 25 in Spellcasting
 58462 | Vaults:4 | Killed a golden dragon
 58690 | Vaults:5 | Killed from afar by a shadow dragon

Levels and vault maps discovered:
D:1:      roderic_chinese_lattice_arrival, layout_basic
D:2:      minmay_inner_zag, layout_loops_corners, grunt_gozag_statues,
          chequers_ecumenical_altar_grove
D:3:      layout_rooms, marbit_many_paths, nicolae_ru_path_of_blood,
          chequers_temple_overflow_statue_of_worship, kennysheep_generic_room_11
D:4:      layout_cave_pools, nicolae_overflow_crystal_walls, first_ration
D:5:      cheibrodos_fertilizer, layout_gridville, chequers_jeans
D:6:      layout_basic, eat_drink_and_be_merry_uskayaw
D:7:      layout_cave_pools, minmay_temple_entry_mini_moons, serial_shops,
          nicolae_shop_window_shopping, sword_in_stone
D:8:      layout_basic, nicolae_qazlal_style_of_elements, okawaru_trees_1,
          led_sif_pool, due_lair_maze_entry_diamond, grunt_ogre_cave,
          tgw_kikubaaqudgha
D:9:      layout_basic, gammafunk_ghost_hydra_chop, small_statue_intersection,
          fedhas_altar_4
D:10:     layout_gridville, bh_circular_ruins
D:11:     layout_loops_corners, grunt_decor_resistance
D:12:     layout_loops_corners, david_orc_3, minivault_29
D:13:     layout_basic, minmay_checkerbox
D:14:     due_megacathedral, layout_irregular_city, grunt_vaults_entry_tiered,
          kennysheep_nub, serial_shops, shop, hangedman_decor_lopped,
          uniq_rupert
D:15:     grunt_enter_depths_hoard, layout_cave_pools,
          ploomutoo_gammafunk_ghost_potion_laboratory, serial_ice, serial_ice_g,
          serial_ice_n, serial_ice_d, serial_ice_o, serial_ice_a, serial_ice_c,
          serial_ice_m, serial_ice_k, serial_ice_e, serial_ice_f, tso_altar
Temple:   minmay_temple_bridge_abc
Lair:1:   layout_concentric_octagons, basic_altar, uniq_grum
Lair:2:   layout_hall_layers, guppyfry_snake_entry_garden,
          grunt_forest_stairs_clearing
Lair:3:   layout_misc_corridors, swamp_mist, chequers_serial_rivers_room_b,
          minmay_lair_oklob_chamber
Lair:4:   layout_gridlike
Lair:5:   layout_regular_city, slime_altar_1, serial_bayou_pond_d, st_stairs_5,
          serial_bayou_shore_a, serial_bayou_shore_b, grunt_megastairs_4
Lair:6:   wormcave, layout_regular_city, hangedman_lair_in_review,
          cheibrodos_lair_lostbears
Swamp:1:  layout_falls_marsh, hangedman_swamp_ruin_wall, swamp_pool1,
          nicolae_swamp_round_clearing, uniq_kirke
Swamp:2:  layout_basic_swamp, nicolae_swamp_fairy_circle
Swamp:3:  layout_basic_swamp, serial_swamp_ruin, evilmike_swamp_ruin_house_1,
          evilmike_swamp_ruin_rubble_2, evilmike_swamp_ruin_wall, ldierk_geyser,
          uniq_louise, uniq_donald
Swamp:4:  swamp_alternative, layout_basic_swamp, swamp_pool5
Snake:1:  layout_onion, lemuel_fruit_tree
Snake:2:  dpeg_oklob_gauntlet, layout_rooms, grunt_ministairs_6, uniq_vashnia
Snake:3:  cheibrodos_forgotten_conduit, layout_misc_corridors,
          hangedman_venom_bottle, grunt_megastairs_3, uniq_aizul,
          uniq_bai_suzhen
Snake:4:  snake_pit, layout_misc_corridors, portal_ice_cave_entry_pillars_three,
          chequers_hall_statues_y
Orc:1:    layout_diamond_mine, serial_shops, shop_coins
Orc:2:    st_orc_open, layout_caves, lightli_volcano_entry_magma_tube,
          uniq_sonja
Vaults:1: nicolae_vaults_shelves_hall, v_misc_11, hangedman_vaults_cutoff,
          nicolae_vaults_stairing_the_circle, ontoclasm_vaults_claustrophobia,
          ontoclasm_vaults_pinch, vaults_dpeg_encased_lava,
          dpeg_vaults_monster_box, nicolae_vaults_quartermaster,
          vaults_dpeg_ring, layout_vaults_omnicross
Vaults:2: nicolae_vaults_network_s, v_alt_pattern_6, v_rooms_1,
          vaults_standard_mumra_enter_the_diamond, nicolae_vaults_little_ls,
          hangedman_vaults_capsules, nicolae_vaults_network_quinsquares
          [nicolae_vaults_network_quincunx_subvault,
          nicolae_vaults_network_quincunx_subvault,
          nicolae_vaults_network_quincunx_subvault,
          nicolae_vaults_network_quincunx_subvault], vaults_room_large_hall,
          grunt_vaults_hallway_short, layout_vaults_omnibox, serial_shops,
          shop_fountains, uniq_boris
Vaults:3: v_misc_17, minmay_crypt_entry_simple_box, nicolae_vaults_what_the_h,
          v_misc_19, v_misc_4, hangedman_vaults_snaps,
          ontoclasm_vaults_ring_small, vaults_standard_mumra_enter_the_diamond,
          v_misc_12, ontoclasm_vaults_gateway, layout_vaults_chaotic_city
Vaults:4: vaults_dpeg_cross, hangedman_vaults_impose,
          vaults_room_stairs_pillars, nicolae_vaults_mini_display_case,
          hangedman_vaults_locks, v_pattern_4, grunt_vaults_trifunnel,
          v_misc_15, v_alt_pattern_6, vaults_room_hangedman_quadrants,
          vaults_room_pool, v_rooms_5, layout_vaults_maze_bifur
Vaults:5

Skill      XL: |  1  2  3  4  5  6  7  8  9 10 11 12 13 14 15 16 17 18 19 20 21 |
---------------+----------------------------------------------------------------+-----
Fire Magic     | 4 5 6 7 8 10 11 12 14 15 16 17 18 19 20 | 20.6
Dodging        | 3 4 5 6 |  6.6
Conjurations   | 2 3 4 6 7 8 10 12 13 14 15 16 17 18 19 20 | 20.3
Spellcasting   | 4 5 6 8 10 11 13 15 16 18 19 20 21 22 23 24 25 | 25.2
Stealth        | 3 4 5 |  5.8
Shields        | 1 2 3 4 5 6 7 8 9 10 | 10.7
Evocations     | 1 2 |  2.5
Fighting       | 1 |  1.6
Armour         | 3 5 6 8 9 10 | 10.4
Earth Magic    | 1 2 3 4 |  4.5
Ice Magic      | 1 2 |  2.6

Action                   |  1- 3 |  4- 6 |  7- 9 | 10-12 | 13-15 | 16-18 | 19-21 || total
-------------------------+-------+-------+-------+-------+-------+-------+-------++-------
Melee: Dagger            |       |     1 |       |       |       |       |       ||     1
       Staff             |       |       |       |     2 |       |       |       ||     2
 Cast: Flame Tongue      |    85 |    91 |   124 |   366 |   271 |   107 |    76 ||  1120
       Throw Flame       |       |     7 |    28 |    66 |    22 |     3 |     2 ||   128
       Sticky Flame      |       |     4 |    27 |   101 |   116 |    41 |    22 ||   311
       Conjure Flame     |       |       |     2 |     9 |     7 |       |       ||    18
       Fireball          |       |       |    10 |    88 |   264 |    88 |    72 ||   522
       Throw Icicle      |       |       |       |       |    13 |    16 |    53 ||    82
       Bolt of Fire      |       |       |       |       |    68 |   405 |   260 ||   733
       Iron Shot         |       |       |       |       |       |    37 |    38 ||    75
       Ignition          |       |       |       |       |       |    10 |    64 ||    74
Evoke: Wand              |       |       |     5 |    10 |    19 |     1 |       ||    35
  Use: Scroll            |       |       |     9 |     5 |    19 |     6 |    11 ||    50
       Potion            |       |       |     1 |       |     4 |       |       ||     5
  Eat: Chunk             |     2 |     7 |     4 |    22 |    34 |    23 |    28 ||   120
       Ration            |       |     1 |     3 |     4 |     3 |     7 |     2 ||    20
Armor: Robe              |    12 |     5 |    10 |    18 |    18 |       |       ||    63
       Ring mail         |       |       |       |       |    21 |    61 |    62 ||   144
Dodge: Dodged            |    31 |    18 |    33 |    54 |   102 |    71 |    71 ||   380
Block: Shield            |       |       |       |    69 |   192 |   127 |   108 ||   496
       Reflection        |       |       |       |       |    14 |    31 |    36 ||    81

Table legend:
 A = Non-vault XP
 B = Vault XP
 C = Vault XP percentage of total XP
 D = Non-vault monster count
 E = Vault monster count
 F = Vault count percentage of total count
                 A         B        C        D         E       F
            +---------+---------+-------+---------+---------+-------
      Total |  361754 |  306454 |  45.9 |    1069 |     594 |  35.7
            +---------+---------+-------+---------+---------+-------
        D:1 |      56 |       0 |   0.0 |      36 |       0 |   0.0
        D:2 |      84 |      18 |  17.6 |      16 |       4 |  20.0
        D:3 |      28 |       1 |   3.4 |      13 |       1 |   7.1
        D:4 |     130 |     100 |  43.5 |       9 |       1 |  10.0
        D:5 |     811 |    1028 |  55.9 |      15 |      16 |  51.6
        D:6 |    1194 |       0 |   0.0 |      23 |       0 |   0.0
        D:7 |    2728 |     349 |  11.3 |      36 |       5 |  12.2
        D:8 |     269 |    1367 |  83.6 |       5 |      11 |  68.8
        D:9 |    1607 |       0 |   0.0 |      18 |       0 |   0.0
       D:10 |    2141 |      44 |   2.0 |      22 |       2 |   8.3
       D:11 |    5148 |       0 |   0.0 |      38 |       0 |   0.0
       D:12 |    7789 |    8368 |  51.8 |      34 |      51 |  60.0
       D:13 |    6233 |    2261 |  26.6 |      33 |       4 |  10.8
       D:14 |   11121 |   11826 |  51.5 |      52 |      32 |  38.1
       D:15 |    9192 |    4653 |  33.6 |      30 |      22 |  42.3
     Lair:1 |    7440 |     884 |  10.6 |      33 |       7 |  17.5
     Lair:2 |    6064 |    1101 |  15.4 |      16 |       6 |  27.3
     Lair:3 |    4373 |    1167 |  21.1 |      10 |       3 |  23.1
     Lair:4 |    7783 |    1395 |  15.2 |      26 |       3 |  10.3
     Lair:5 |    6491 |    1003 |  13.4 |      28 |       3 |   9.7
     Lair:6 |    9007 |   17691 |  66.3 |      23 |      40 |  63.5
    Swamp:1 |   11740 |    3585 |  23.4 |      25 |       8 |  24.2
    Swamp:2 |   10046 |       0 |   0.0 |      39 |       0 |   0.0
    Swamp:3 |   16916 |    3646 |  17.7 |      34 |       2 |   5.6
    Swamp:4 |    7092 |   20462 |  74.3 |      19 |      31 |  62.0
    Snake:1 |    6523 |       0 |   0.0 |      16 |       0 |   0.0
    Snake:2 |    8321 |   12949 |  60.9 |      17 |      13 |  43.3
    Snake:3 |   14070 |   20172 |  58.9 |      26 |      38 |  59.4
    Snake:4 |   32395 |   29711 |  47.8 |      62 |      42 |  40.4
      Orc:1 |     426 |       0 |   0.0 |      13 |       0 |   0.0
      Orc:2 |    5098 |   16339 |  76.2 |      41 |      38 |  48.1
   Vaults:1 |   23168 |   15587 |  40.2 |      57 |      34 |  37.4
   Vaults:2 |   45514 |   15600 |  25.5 |      69 |      19 |  21.6
   Vaults:3 |   31326 |   13304 |  29.8 |      48 |      32 |  40.0
   Vaults:4 |   40167 |   37694 |  48.4 |      56 |      29 |  34.1
   Vaults:5 |   19263 |   54879 |  74.0 |      31 |      46 |  59.7
      IceCv |       0 |    9270 | 100.0 |       0 |      51 | 100.0
            +---------+---------+-------+---------+---------+-------
